 Dungeon Crawl Stone Soup version 0.22.0 (webtiles) character file.

123 porkupine the Skirmisher (level 4, -1/37 HPs)
             Began as a Demonspawn Abyssal Knight on Aug 15, 2018.
             Was a Follower of Lugonu.
             Slain by an ogre
             ... wielding a +0 giant club
              (24 damage)
             ... on level 4 of the Dungeon.
             The game lasted 00:06:59 (3111 turns).

porkupine the Skirmisher (DsAK)                     Turns: 3111, Time: 00:06:59

Health: -1/37      AC:  9    Str: 13    XL:     4   Next: 80%
Magic:  6/6        EV:  9    Int: 14    God:    Lugonu [*.....]
Gold:   216        SH:  0    Dex: 12    Spells: 3/3 levels left

rFire    + + .     SeeInvis .   a - +1 falchion
rCold    x . .     Gourm    .   (no shield)
rNeg     + . .     Faith    .   e - +0 scale mail
rPois    .         Spirit   .   v - +0 helmet
rElec    .         Reflect  .   (no cloak)
rCorr    .         Harm     .   (no gloves)
MR       .....                  j - +0 pair of boots
Stlth    ..........             (no amulet)
HPRegen  0.12/turn              l - ring of positive energy
MPRegen  0.10/turn              n - ring of fire

@: no status effects
A: hooves 1, fire resistance 1
a: Depart the Abyss, Renounce Religion


You were on level 4 of the Dungeon.
You worshipped Lugonu.
Lugonu was aware of your devotion.
You were not hungry.

You visited 1 branch of the dungeon, and saw 4 of its levels.
You visited the Abyss 1 time.

You collected 216 gold pieces.

Inventory:

Hand Weapons
 a - a +1 falchion (weapon)
Armour
 e - a +0 scale mail (worn)
 j - a +0 pair of boots (worn)
 v - a +0 helmet (worn)
Jewellery
 l - a ring of positive energy (left hand)
 n - a ring of fire (right hand)
 r - an uncursed ring of protection from magic {unknown}
Scrolls
 d - a scroll of fog {unknown}
 g - 8 scrolls of identify {unknown}
 h - a scroll of fear {unknown}
 i - a scroll of immolation {unknown}
 k - a scroll of magic mapping {unknown}
 m - a scroll of remove curse {unknown}
 p - a scroll of amnesia {unknown}
 t - a scroll of noise {unknown}
 u - a scroll of enchant armour {unknown}
Potions
 b - a potion of curing {unknown}
 f - a potion of agility
 o - a potion of flight {unknown}
 q - a potion of might {unknown}
 s - a potion of heal wounds {unknown}
Comestibles
 c - 3 rations


   Skills:
 + Level 3.7 Fighting
 + Level 2.6 Long Blades
 + Level 2.9 Armour
 + Level 1.8 Dodging
 + Level 2.7 Invocations


You had 3 spell levels left.
You didn't know any spells.
Your spell library was empty.

Dungeon Overview and Level Annotations

Branches:
Dungeon (4/15)
 Temple: D:4-7

Altars:
Gozag
Kikubaaqudgha
Okawaru
Xom
The Shining One


Innate Abilities, Weirdness & Mutations

You have large cloven feet.
Your flesh is heat resistant. (rF+)


Message History

You barely miss the ogre.
The ogre is lightly wounded.
You hit the ogre.
The ogre is moderately wounded.
The ogre hits you with a giant club!
You barely miss the ogre.
The ogre is moderately wounded.
The ogre hits you with a giant club.
You hit the ogre.
The ogre is heavily wounded.
The ogre misses you.
You riposte.
You hit the ogre but do no damage.
The ogre is heavily wounded.
You slash the ogre!
The ogre is severely wounded.
The ogre hits you with a giant club.
You hit the ogre.
The ogre is almost dead.
The ogre hits you with a giant club!!
Ouch! That really hurt!
You die...

#.# #.# #.#
#.#########
#.##......####
###............#
#.......<.#.##.#
#.#######.#.##.#
#.. #...##@#
#.._ ######O#
#.... #.# ######
... ... #....
#####


You could see an ogre.

Vanquished Creatures
  An orc wizard (D:3)
  2 gnolls
  2 adders (D:2)
  An ooze (D:2)
  A worm (D:2)
  2 dart slugs
  5 orcs (D:3)
  5 bats
  3 giant cockroaches
  2 goblins (D:1)
  7 hobgoblins
  A quokka (D:3)
  3 ball pythons
  3 frilled lizards (D:2)
  4 kobolds
  3 rats
45 creatures vanquished.

Notes
Turn   | Place    | Note
-------+----------+-------------------------------------------
     0 | Abyss:1  | porkupine the Demonspawn Abyssal Knight began the quest for the Orb.
     0 | Abyss:1  | Reached XP level 1. HP: 18/18 MP: 2/2
    30 | Abyss:1  | Noticed a large abomination
    54 | D:1      | Escaped the Abyss
   144 | D:1      | Reached skill level 1 in Dodging
   470 | D:1      | Gained mutation: You have large cloven feet. [demonic ancestry]
   470 | D:1      | Reached XP level 2. HP: 24/24 MP: 3/3
   519 | D:1      | Reached * piety under Lugonu
  1022 | D:2      | Found an opulent altar of Gozag.
  1060 | D:2      | Reached XP level 3. HP: 22/29 MP: 5/5
  2214 | D:2      | Gained mutation: Your flesh is heat resistant. (rF+) [demonic ancestry]
  2214 | D:2      | Reached XP level 4. HP: 33/36 MP: 6/6
  2251 | D:3      | Found an iron altar of Okawaru.
  2358 | D:3      | Found a shimmering altar of Xom.
  2359 | D:3      | Found a shimmering altar of Xom.
  2515 | D:3      | Found a glowing golden altar of the Shining One.
  2933 | D:3      | Found a shimmering altar of Xom.
  3081 | D:4      | Found an ancient bone altar of Kikubaaqudgha.
  3101 | D:4      | Noticed an ogre
  3111 | D:4      | Slain by an ogre

Skill      XL: |  1  2 |
---------------+-------+-----
Dodging        | 1 |  1.8
Armour         | 2 |  2.9
Long Blades    | 2 |  2.6
Fighting       | |  3.7
Invocations    | |  2.7

Action                   |  1- 3 |  4- 6 || total
-------------------------+-------+-------++-------
Melee: Falchion          |   106 |    60 ||   166
       Kick              |     4 |       ||     4
Invok: Depart the Abyss  |     1 |       ||     1
  Use: Potion            |     1 |       ||     1
  Eat: Chunk             |     2 |       ||     2
       Ration            |     1 |     1 ||     2
Armor: Scale mail        |    47 |    29 ||    76
Dodge: Dodged            |    62 |    26 ||    88
       Rpst.: Falchion   |    24 |     9 ||    33
